 Dungeon Crawl Stone Soup version 0.19-a0-529-g411dd88 (webtiles) character file.

0 Laraso the Charlatan (level 1, 7/12 HPs)
             Began as a Kobold Artificer on June 7, 2016.
             Quit the game on level 1 of the Dungeon.
             The game lasted 00:00:14 (83 turns).

Laraso the Charlatan (Kobold Artificer)               Turns: 83, Time: 00:00:14

Health: 7/12       AC:  3    Str: 10    XL:     1   Next: 11%
Magic:  3/3        EV: 15    Int:  9    God:
Gold:   17         SH:  0    Dex: 16    Spells: 0 memorised, 0 levels left

rFire  + . .     SeeInvis .     a - +0 short sword
rCold  + . .     Gourm    .     b - +0 leather armour
rNeg   . . .     Faith    .     (shield restricted)
rPois  +         Spirit   .     (no helmet)
rElec  +         Dismiss  .     (no cloak)
rCorr  +         Reflect  .     (no gloves)
SustAt .         Harm     .     (no boots)
MR     .....                    (no amulet)
Stlth  ++........               (no ring)
                                (no ring)

@: lethally poisoned (7 -> -2), resistant, not resistant to hostile
enchantments, unstealthy
A: carnivore 3
a: no special abilities


You were on level 1 of the Dungeon.
You were not hungry.

You visited 1 branch of the dungeon, and saw 1 of its levels.

You collected 17 gold pieces.

Inventory:

Hand Weapons
 a - a +0 short sword (weapon)
Armour
 b - a +0 leather armour (worn)
Wands
 c - a wand of flame (15/48)
 d - a wand of enslavement (15/24)
 e - a wand of random effects (15/48)
Scrolls
 h - a scroll of enchant weapon {unknown}
Comestibles
 f - 2 meat rations
 g - a beef jerky


   Skills:
 - Level 1.1 Fighting
 - Level 1.3 Short Blades
 - Level 2.4 Dodging
 - Level 1.3 Stealth
 * Level 3.7 Evocations


You couldn't memorise any spells.
You didn't know any spells.

Dungeon Overview and Level Annotations

Branches:
Dungeon (1/15)

Altars:


Innate Abilities, Weirdness & Mutations

You are small and have problems with some larger weapons.
You are carnivorous and can eat meat at any time.


Message History

Welcome, Laraso the Kobold Artificer.
Will you prevail where others failed? Will you find the Orb of Zot?
Found a staircase leading out of the dungeon.
A rat comes into view.
Found a hunting sling.
A rat is nearby!
A rat is nearby!
A rat is nearby!
The helpless rat fails to defend itself.
You puncture the rat!
You kill the rat!
No target in view!
No target in view!
No target in view!
You now have 8 gold pieces.
g - a beef jerky
h - a scroll labeled KEEWKI WIOTUWN You now have 17 gold pieces (gained 9).
f - 2 meat rations (gained 1)
i - an orange potion A bat, a hobgoblin and 3 kobolds come into view.
A kobold is wielding a whip of venom.
The hobgoblin shouts!
The kobold shouts! x3
The kobold hits you but does no damage.
You are poisoned.
The kobold closely misses you.
Found five items.
You closely miss the kobold.
You feel sick. The kobold misses you. The kobold completely misses you.
A hobgoblin comes into view. It is wielding a club.
You take 1 damage, and have 11/12 hp.
You feel sick.
You take 1 damage, and have 10/12 hp.
You feel sick.
You take 1 damage, and have 9/12 hp.
Okay, then.
You feel sick.
The kobold throws a stone.
The stone completely misses you.
You see here a stone.
You take 1 damage, and have 8/12 hp.
It was a potion of resistance.
You feel protected.
The kobold throws a stone.
The stone hits you.
* * * LOW HITPOINT WARNING * * *
You take 1 damage, and have 7/12 hp.
Unknown command.

.##.##..###.. #.##...
...# #...#...#.#...#
...##.##... #.##..#
.....#
#...#)#...###.#
###..##.#
#g##........
##...#gb.#b........#
##..#.Kg#.K######.#..
##.#)(!#...####.....
#.#####.#..@.......
#.......#.####.##.#
###.###.#.# #.....#.#
#####.#.# #.... ###..
#.


You could see a hobgoblin, a bat and a kobold.

Vanquished Creatures
  A rat (D:1)
1 creature vanquished.

Notes
Turn   | Place    | Note
--------------------------------------------------------------
     0 | D:1      | Laraso the Kobold Artificer began the quest for the Orb.
     0 | D:1      | Reached XP level 1. HP: 12/12 MP: 3/3
    83 | D:1      | Quit the game

Vault maps used:
D:1:      onia_arrival_mini_maze, minmay_vboxes

Action                   || total
-------------------------++-------
Melee: Short sword       ||     2
  Use: Potion            ||     1
 Stab: Sleeping          ||     1
Armor: Leather armour    ||     1
Dodge: Dodged            ||     4

Table legend:
 A = Kills in this place as a percentage of kills in entire the game.
 B = Kills by you in this place as a percentage of kills by you in the entire game.
 C = Kills by friends in this place as a percentage of kills by friends in the entire game.
 D = Other kills in this place as a percentage of other kills in the entire game.
 E = Experience gained in this place as a percentage of experience gained in the entire game.
 F = Experience gained in this place divided by the number of levels of this place that you have seen.
                   A       B       C       D       E      F
               +-------+-------+-------+-------+-------+----------------------
         Total | 100.0 | 100.0 |  -nan |  -nan | 100.0 |   1.0
       Dungeon | 100.0 | 100.0 |  -nan |  -nan | 100.0 |   1.0
               +-------+-------+-------+-------+-------+----------------------

Table legend:
 A = Turns spent in this place as a percentage of turns spent in the entire game.
 B = Non-inter-level travel turns spent in this place as a percentage of non-inter-level travel turns spent in the entire game.
 C = Inter-level travel turns spent in this place as a percentage of turns spent in this place.
 D = Turns resting spent in this place as a percentage of non-inter-level travel turns spent in this place.
 E = Turns spent auto-exploring this place as a percentage of non-inter-level travel turns spent in this place.
 F = Non-inter-level travel turns spent in this place divided by the number of levels of this place that you've seen.
                   A       B       C       D       E      F
               +-------+-------+-------+-------+-------+----------------------
         Total | 100.0 | 100.0 |   0.0 |   0.0 |  16.7 |  24.0
       Dungeon | 100.0 | 100.0 |   0.0 |   0.0 |  16.7 |  24.0
               +-------+-------+-------+-------+-------+----------------------

Vault maps used:
D:1:      onia_arrival_mini_maze, minmay_vboxes
